 Dungeon Crawl Stone Soup version 0.26-a0-606-g3c8f2f65f7 (webtiles) character file.

Game seed: 11574151902969475919

7 Gargoyl the Skirmisher (level 2, -11/29 HPs)
             Began as a Gnoll Abyssal Knight on Sept 1, 2020.
             Was a Follower of Lugonu.
             Killed from afar by a green death (40 damage)
             ... with a bolt of poison
             ... on level 2 of the Abyss.
             The game lasted 00:00:25 (374 turns).

Gargoyl the Skirmisher (Gnoll Abyssal Knight)        Turns: 374, Time: 00:00:25

Health: -11/29     AC:  7    Str: 14    XL:     2   Next: 0%
Magic:  5/5        EV: 10    Int: 14    God:    Lugonu [*.....]
Gold:   61         SH:  0    Dex: 14    Spells: 1/1 levels left

rFire    . . .     SeeInvis .   a - +1 hand axe
rCold    . . .     Faith    .   (no shield)
rNeg     . . .     Spirit   .   c - +0 scale mail
rPois    .         Reflect  .   (no helmet)
rElec    .         Harm     .   (no cloak)
rCorr    .                      (no gloves)
MR       .....                  (no boots)
Stlth    ..........             (no amulet)
HPRegen  0.09/turn              (no ring)
MPRegen  0.09/turn              (no ring)

@: brilliant, lethally poisoned (-11 -> -25)
A: distributed training, fangs 1, strong nose
a: Depart the Abyss, Renounce Religion


You were on level 2 of the Abyss.
You worshipped Lugonu.
Lugonu was aware of your devotion.
You visited 0 branches of the dungeon, and saw 0 of its levels.
You visited the Abyss 1 time.

You collected 61 gold pieces.

Inventory:

Hand Weapons
 a - a +1 hand axe (weapon)
Armour
 c - a +0 scale mail (worn)


   Skills:
 + Level 6.4 Fighting
 + Level 0.2 Short Blades
 + Level 0.2 Long Blades
 + Level 4.4 Axes
 + Level 0.2 Maces & Flails
 + Level 0.2 Polearms
 + Level 0.2 Staves
 + Level 0.2 Slings
 + Level 0.2 Bows
 + Level 0.2 Crossbows
 + Level 0.2 Throwing
 + Level 4.4 Armour
 + Level 2.4 Dodging
 + Level 0.2 Stealth
 + Level 0.2 Shields
 + Level 0.2 Unarmed Combat
 + Level 0.2 Spellcasting
 + Level 0.1 Conjurations
 + Level 0.1 Hexes
 + Level 0.1 Summonings
 + Level 0.1 Necromancy
 + Level 0.1 Translocations
 + Level 0.1 Transmutations
 + Level 0.1 Fire Magic
 + Level 0.1 Ice Magic
 + Level 0.1 Air Magic
 + Level 0.1 Earth Magic
 + Level 0.1 Poison Magic
 + Level 4.4 Invocations
 + Level 0.2 Evocations


You had one spell level left.
You didn't know any spells.
Your spell library was empty.

Dungeon Overview and Level Annotations

Branches:
Dungeon (0/15)

Altars:


Innate Abilities, Weirdness & Mutations

Your experience applies equally to all skills.
You have very sharp teeth.
Your uncanny sense of smell can sniff out nearby items.


Message History

Found a gateway leading deeper into the Abyss.
Found a gateway leading deeper into the Abyss.
There is a gateway leading deeper into the Abyss here.
You plunge deeper into the Abyss.
Found a corrupted altar of Lugonu.
d - a smoky green potion It was a potion of brilliance.
You feel clever all of a sudden.
You drop a +0 leather armour.
Found a leather armour.
You now have 27 gold pieces (gained 22).
You now have 61 gold pieces (gained 34).
Found a plate armour.
A green death comes into view.
The green death roars!
The green death gestures at you. The bolt of poison hits you!!!
You are poisoned.
Ouch! That really hurt!
You die...

. # .#. # #
#####.#. ..
#...#.#.# .#. .
##...#..$#....
#.##.....[#..2..#
#...#.......###
[#
#.#......@###...
#.###
#......#.....#. .
# . .##...##...#
## ## .#
#.....###..##..#.
##
#.....##.##..##..
...#.# .#..##
#...#..# #.....#
#. ##...#.#. .. #
≈≈
#..#.#...#....###
. ##.....#..#....
#


You could see a green death.

Vanquished Creatures
  A white imp (Abyss:1)
1 creature vanquished.

Notes
Turn   | Place    | Note
-------+----------+-------------------------------------------
     0 | Abyss:1  | Gargoyl the Gnoll Abyssal Knight began the quest for the
                  | Orb.
     0 | Abyss:1  | Reached XP level 1. HP: 23/23 MP: 3/3
    96 | Abyss:1  | Found a corrupted altar of Lugonu.
   118 | Abyss:1  | Reached XP level 2. HP: 12/29 MP: 5/5
   302 | Abyss:1  | Found a corrupted altar of Lugonu.
   339 | Abyss:2  | Found a corrupted altar of Lugonu.
   373 | Abyss:2  | Noticed a green death
   374 | Abyss:2  | Killed from afar by a green death

Illustrated notes

Levels and vault maps discovered:
Abyss:2

Action                   || total
-------------------------++-------
Melee: Hand axe          ||     4
  Use: Potion            ||     1
Dodge: Dodged            ||     2

Table legend: (Time is in decaauts)
 A = Elapsed time spent in this place.
 B = Non-inter-level travel time spent in this place.
 C = Inter-level travel time spent in this place.
 D = Time resting spent in this place.
 E = Time spent auto-exploring this place.
 F = Levels seen in this place.
 G = Mean time per level.
                   A        B        C        D        E       F      G
               +--------+--------+--------+--------+--------+-----+--------+
         Total |    374 |    374 |      0 |      0 |    334 |   2 |  187.0 |
         Abyss |    374 |    374 |      0 |      0 |    334 |   2 |  187.0 |
               +--------+--------+--------+--------+--------+-----+--------+

Top non-repeatable levels by time:
 Abyss:1: 336 daAuts
 Abyss:2: 37 daAuts
